 Dungeon Crawl Stone Soup version 0.26-a0-663-g36e8fdb655 (webtiles) character file.

Game seed: 7843694071862601638

4253 Peloso the Blocker (level 10, -1/86 HPs)
             Began as a Minotaur Fighter on Oct 12, 2020.
             Was an Elder of Okawaru.
             Slain by Snorg (22 damage)
             ... on level 10 of the Dungeon.
             The game lasted 00:21:08 (8722 turns).

Peloso the Blocker (Minotaur Fighter)               Turns: 8722, Time: 00:21:09

Health: -1/86      AC: 16    Str: 22    XL:     10   Next: 10%
Magic:  7/9        EV: 15    Int:  5    God:    Okawaru [****..]
Gold:   565        SH: 14    Dex: 12    Spells: 9/9 levels left

rFire    + . .     SeeInvis .   a - +0 long sword
rCold    . . .     Faith    +   c - +0 kite shield
rNeg     + . .     Spirit   .   x - +4 scale mail {rF+}
rPois    .         Reflect  .   (helmet restricted)
rElec    .         Harm     .   k - +0 cloak
rCorr    +         Rampage  .   (no gloves)
MR       .....                  e - +0 pair of boots
Stlth    ++........             E - amulet of faith
HPRegen  0.24/turn              m - ring of resist corrosion
MPRegen  0.11/turn              y - ring of positive energy

@: mighty, lethally poisoned (-1 -> -1), heroism
A: retaliatory headbutt, horns 2
a: Heroism, Renounce Religion


You were on level 10 of the Dungeon.
You worshipped Okawaru.
Okawaru was greatly pleased with you.
You visited 2 branches of the dungeon, and saw 10 of its levels.

You collected 565 gold pieces.

Inventory:

Hand Weapons
 a - a +0 long sword (weapon)
 b - a +2 dagger of venom
Missiles
 i - 33 bolts
Armour
 c - a +0 kite shield (worn)
 e - a +0 pair of boots (worn)
 k - a +0 cloak (worn)
 x - a +4 scale mail of fire resistance (worn)
Jewellery
 m - a ring of resist corrosion (left hand)
 o - an uncursed amulet of magic regeneration
 y - a ring of positive energy (right hand)
 E - an amulet of faith (around neck)
Wands
 h - a wand of acid (10)
 A - a wand of flame (7)
 D - a wand of iceblast (13)
Scrolls
 f - a scroll of immolation
 j - 2 scrolls of magic mapping
 n - a scroll of identify
 r - 4 scrolls of enchant armour
 s - 4 scrolls of remove curse
 u - 2 scrolls of fear
 z - 3 scrolls of enchant weapon {unknown}
 B - a scroll of amnesia {unknown}
 F - 3 scrolls of teleportation {unknown}
Potions
 d - a potion of might
 g - 2 potions of heal wounds
 l - 2 potions of mutation
 p - 2 potions of ambrosia {unknown}
 q - a potion of flight {unknown}
 t - a potion of haste {unknown}
 v - 2 potions of brilliance {unknown}
 w - 2 potions of invisibility {unknown}
 C - a potion of cancellation {unknown}
 G - a potion of stabbing {unknown}
 H - a potion of degeneration {unknown}


   Skills:
 + Level 7.1(12.1) Fighting
 + Level 10.0(15.0) Long Blades
 + Level 8.3(13.3) Armour
 + Level 4.6(9.6) Dodging
 + Level 0.5(5.5) Stealth
 + Level 10.2(15.2) Shields


You had 9 spell levels left.
You didn't know any spells.
Your spell library was empty.

Dungeon Overview and Level Annotations

Branches:
Dungeon (8/15)             Temple (1/1) D:5             Orc (0/2) D:10
   Lair: D:8-11

Altars:
Ashenzari
Cheibriados
Dithmenos
Elyvilon
Fedhas
Gozag
Hepliaklqana
Kikubaaqudgha
Makhleb
Okawaru
Qazlal
Ru
Sif Muna
Trog
Uskayaw
Vehumet
Wu Jian
Xom
Yredelemnul
Zin
The Shining One

Annotations:
D:10 Snorg


Innate Abilities, Weirdness & Mutations

You reflexively headbutt those who attack you in melee.
You have a pair of horns on your head.


Message History

* * * LOW HITPOINT WARNING * * *
You block Snorg's attack. Snorg misses you.
Unknown command.
You feel much better. You block Snorg's attack. Snorg claws you!
* * * LOW HITPOINT WARNING * * *
You block Snorg's attack.
Unknown command.
You completely miss Snorg.
Snorg is moderately wounded.
Snorg closely misses you. Snorg claws you but does no damage. Snorg misses you.
Unknown command.
You closely miss Snorg. Your headbutt misses Snorg.
Snorg is moderately wounded.
You feel sick. You block Snorg's attack. Snorg claws you but does no damage.
Snorg completely misses you.
Unknown command.
You barely miss Snorg. Your headbutt misses Snorg.
Snorg is moderately wounded.
Snorg bites you!!
You die...

##........#8......#8..# #.
##......##.......#...# #.
#......#.......##...####.
###.)..#####'####.......#.
#.##)###......#.....#...#.
#..)(..)......#.#<........
#.............#.##.##...##
###############.##.#######
.....yT@......##.# ####
...##########.##.# #.[.
#..#.# #... ##.#.# #...
#.#.##..... #...##.....
##..##.....
############..##...(.
#......|.............


You could see Snorg (berserk, corroded) and a killer bee (corroded).

Vanquished Creatures
  A kobold demonologist (D:10)
  Prince Ribbit (D:7)
  Edmund (D:4)
  2 sky beasts
  3 ice beasts
  A phantom (D:7)
  2 ogres
  3 centaurs
  10 big kobolds
  A gnoll sergeant (D:7)
  3 bullfrogs
  A wyvern skeleton (D:10)
  A scorpion (D:5)
  11 killer bees
  2 vampire bats (D:6)
  6 wights
  A howler monkey (D:6)
  A bullfrog zombie (D:7)
  An orc priest (D:3)
  3 hounds
  2 bullfrog skeletons
  2 jellies
  2 iguanas (D:6)
  2 centaur skeletons
  3 orc wizards
  Ijyb (D:3)
  4 worker ants
  3 gnolls (D:7)
  8 adders
  2 shadow imps (D:10)
  2 white imps
  2 oozes
  An adder zombie (D:7)
  2 worms
  2 dart slugs (D:1)
  4 leopard geckos
  13 orcs
  3 ball pythons
  8 giant cockroaches
  9 goblins
  11 hobgoblins
  5 jackals (D:2)
  A quokka (D:2)
  15 bats
  5 frilled lizards
  A jackal skeleton (D:6)
  41 kobolds
  11 kobold skeletons (D:10)
  7 kobold zombies (D:10)
  A leopard gecko skeleton (D:4)
  12 rats
240 creatures vanquished.

Notes
Turn   | Place    | Note
-------+----------+-------------------------------------------
     0 | D:1      | Peloso the Minotaur Fighter began the quest for the Orb.
     0 | D:1      | Reached XP level 1. HP: 19/19 MP: 0/0
   160 | D:1      | Reached XP level 2. HP: 27/27 MP: 1/1
   705 | D:1      | Reached XP level 3. HP: 33/33 MP: 2/2
  1686 | D:2      | Found a blossoming altar of Fedhas.
  1686 | D:2      | Found an ancient bone altar of Kikubaaqudgha.
  1708 | D:2      | Found a stormy altar of Qazlal.
  1709 | D:2      | Found a glowing golden altar of the Shining One.
  1794 | D:3      | Reached XP level 4. HP: 40/40 MP: 3/3
  1885 | D:3      | Reached skill level 1 in Dodging
  1913 | D:3      | Found a sacrificial altar of Ru.
  1957 | D:3      | Reached XP level 5. HP: 22/47 MP: 4/4
  2162 | D:3      | Found a broken altar of Ashenzari.
  2185 | D:3      | Noticed Ijyb
  2187 | D:3      | Killed Ijyb
  2471 | D:3      | Found a shimmering altar of Xom.
  2864 | D:4      | Reached skill level 5 in Shields
  2879 | D:4      | Noticed Edmund
  2883 | D:4      | Reached skill level 5 in Armour
  2883 | D:4      | Reached XP level 6. HP: 53/53 MP: 5/5
  2899 | D:4      | Killed Edmund
  2899 | D:4      | Reached skill level 5 in Long Blades
  3523 | D:4      | Reached XP level 7. HP: 50/60 MP: 6/6
  3840 | D:5      | Entered Level 5 of the Dungeon
  3904 | D:5      | Found a staircase to the Ecumenical Temple.
  3913 | Temple   | Entered the Ecumenical Temple
  4598 | D:5      | Found an iron altar of Okawaru.
  4605 | D:5      | Became a worshipper of Warmaster Okawaru
  5235 | D:6      | Found a glowing silver altar of Zin.
  5354 | D:6      | Reached skill level 5 in Fighting
  5427 | D:6      | Reached XP level 8. HP: 50/68 MP: 7/7
  5708 | D:6      | Reached * piety under Okawaru
  6444 | D:7      | Found an opulent altar of Gozag.
  6515 | D:7      | Reached ** piety under Okawaru
  7029 | D:7      | Reached XP level 9. HP: 75/75 MP: 8/8
  7095 | D:7      | Reached *** piety under Okawaru
  7386 | D:7      | Noticed Prince Ribbit
  7401 | D:7      | Killed Prince Ribbit
  7528 | D:7      | Found a shadowy altar of Dithmenos.
  8085 | D:8      | You fall into a shaft and drop 2 floors!
  8085 | D:10     | Entered Level 10 of the Dungeon
  8192 | D:10     | Reached **** piety under Okawaru
  8293 | D:10     | Found an ancient bone altar of Kikubaaqudgha.
  8293 | D:10     | Noticed a kobold demonologist
  8296 | D:10     | Noticed a sixfirhy
  8391 | D:10     | Noticed an ice devil
  8394 | D:10     | Killed a kobold demonologist
  8445 | D:10     | Reached skill level 10 in Shields
  8583 | D:10     | Found a staircase to the Orcish Mines.
  8589 | D:10     | Reached XP level 10. HP: 86/86 MP: 9/9
  8682 | D:10     | Noticed Snorg
  8713 | D:10     | Reached skill level 10 in Long Blades
  8722 | D:10     | Slain by Snorg

Illustrated notes

Levels and vault maps discovered:
D:1:      denvon_arrival_planthouse, layout_rooms
D:2:      layout_basic, grunt_temple_overflow_growth_and_decay,
          nicolae_overflow_hidden_temple, serial_bayou_pond_e
D:3:      minmay_chambers_of_twos, layout_basic, nicolae_overflow_crystal_walls,
          evilmike_ruin_ashenzari, lemuel_crystal_altar, uniq_ijyb
D:4:      layout_gridville, grunt_decor_arrowhead, uniq_edmund
D:5:      layout_loops_ring, kennysheep_little_box,
          minmay_temple_entry_large_hall, grunt_decor_cap, patterned_corridor
D:6:      layout_loops_corners, lemuel_crystal_altar,
          chequers_serial_rivers_small_3, roderic_batcave, minivault_4
D:7:      layout_gridville, kennysheep_mini_moat, lemuel_doored_altar,
          uniq_prince_ribbit1
D:8:      layout_rooms, marbit_many_paths, minivault_19, grunt_ministairs_2,
          minmay_fountain_box, okawaru_metal_pillars_1_2
D:10:     wander_kiku_kobolds, layout_basic, orc_0_dummy, uniq_snorg,
          uniq_josephine, uniq_gastronok, uniq_maggie
Temple:   dpeg_chambers_temple

Skill      XL: |  1  2  3  4  5  6  7  8  9 10 |
---------------+-------------------------------+-----
Armour         | 4 5 6 7 8 |  8.3
Shields        | 4 5 6 7 10 | 10.2
Fighting       | 4 5 6 7 |  7.1
Long Blades    | 3 4 5 6 8 9 10 | 10.0
Dodging        | 1 2 3 4 |  4.6
Stealth        | |  0.5

Action                   |  1- 3 |  4- 6 |  7- 9 | 10-12 || total
-------------------------+-------+-------+-------+-------++-------
Melee: Long sword        |   114 |   136 |   403 |    35 ||   688
       Headbutt          |    20 |    30 |    80 |     3 ||   133
Invok: Heroism           |       |       |       |     1 ||     1
Evoke: Wand              |       |       |       |     2 ||     2
  Use: Scroll            |     3 |       |     6 |       ||     9
       Potion            |     1 |     3 |     2 |     2 ||     8
Armor: Scale mail        |    19 |    26 |   191 |    13 ||   249
       Chain mail        |    45 |    54 |       |       ||    99
Dodge: Dodged            |    36 |    53 |   156 |    31 ||   276
Block: Kite shield       |    60 |    82 |   288 |    37 ||   467
       Rpst.: Long sword |    11 |    14 |    45 |     3 ||    73

Table legend: (Time is in decaauts)
 A = Elapsed time spent in this place.
 B = Non-inter-level travel time spent in this place.
 C = Inter-level travel time spent in this place.
 D = Time resting spent in this place.
 E = Time spent auto-exploring this place.
 F = Levels seen in this place.
 G = Mean time per level.
                   A        B        C        D        E       F      G
               +--------+--------+--------+--------+--------+-----+--------+
         Total |   8821 |   8576 |    245 |    894 |   5597 |  10 |  882.1 |
       Dungeon |   8536 |   8291 |    245 |    894 |   5412 |   9 |  948.4 |
        Temple |    284 |    284 |      0 |      0 |    185 |   1 |  284.0 |
               +--------+--------+--------+--------+--------+-----+--------+

Top non-repeatable levels by time:
     D:7: 1652 daAuts
     D:6: 1401 daAuts
     D:3: 1106 daAuts
     D:4: 996 daAuts
     D:2: 945 daAuts
     D:5: 894 daAuts
     D:1: 870 daAuts
    D:10: 629 daAuts
  Temple: 284 daAuts
     D:8: 39 daAuts
